 Dungeon Crawl Stone Soup version 0.25.1-2-g60ff931df9 (webtiles) character file.

Game seed: 11500905384444709066

26 raphialitos the Magician (level 2, 0/15 HPs)
             Began as a Deep Elf Venom Mage on Oct 14, 2020.
             Succumbed to an adder's poison
             ... on level 2 of the Dungeon.
             The game lasted 00:02:22 (1128 turns).

raphialitos the Magician (Deep Elf Venom Mage)      Turns: 1128, Time: 00:02:23

Health: 0/15       AC:  2    Str:  5    XL:     2   Next: 89%
Magic:  4/8        EV: 13    Int: 19    God:
Gold:   48         SH:  0    Dex: 15    Spells: 7/8 levels left

rFire    . . .     SeeInvis .   (no weapon)
rCold    . . .     Gourm    .   (no shield)
rNeg     . . .     Faith    .   a - +0 robe
rPois    .         Spirit   .   (no helmet)
rElec    .         Reflect  .   (no cloak)
rCorr    .         Harm     .   (no gloves)
MR       .....                  (no boots)
Stlth    ++........             (no amulet)
HPRegen  0.05/turn              (no ring)
MPRegen  0.11/turn              (no ring)

@: lethally poisoned (0 -> -2), hasted, very quick
A: no striking features
a: no special abilities


You were on level 2 of the Dungeon.
You were not hungry.

You visited 1 branch of the dungeon, and saw 2 of its levels.

You collected 48 gold pieces.

Inventory:

Missiles
 d - 12 arrows
 g - 14 sling bullets
Armour
 a - a +0 robe (worn)
Scrolls
 b - a scroll of identify {unknown}
Comestibles
 c - a ration


   Skills:
 + Level 2.5 Dodging
 + Level 2.5 Stealth
 + Level 3.9 Spellcasting
 + Level 1.4 Transmutations
 + Level 3.8 Poison Magic


You had 7 spell levels left.
You knew the following spells:

 Your Spells              Type           Power        Failure   Level  Hunger
a - Sting                 Tmut/Pois      ##..         4%          1    None

Your spell library contained the following spells:

 Spells                   Type           Power        Failure   Level  Hunger
 Poisonous Vapours        Pois/Air       ##....       10%         2    ##.....
 Ignite Poison            Fire/Tmut/Pois ##......     21%         3    ###....
 Mephitic Cloud           Conj/Pois/Air  #.......     24%         3    ###....
 Olgreb's Toxic Radiance  Pois           ###.....     28%         4    ####...


Dungeon Overview and Level Annotations

Branches:
Dungeon (1/15)

Altars:


Message History

Confirm with . or Enter, or press ? or * to list all spells.
Aiming: Sting (safe; 4% risk of failure)
Press: ? - help, Shift-Dir - straight line, f/p - jackal
Aim: a jackal (severely wounded, poisoned)
The sting hits the jackal.
The jackal looks even sicker.
You kill the jackal!
You feel sick.
It was a potion of haste.
You feel yourself speed up.
* * * LOW HITPOINT WARNING * * *
You feel sick.
There is a stone staircase leading down here.
* * * LOW HITPOINT WARNING * * *
You feel sick.
* * * LOW HITPOINT WARNING * * *
You feel sick.
* * * LOW HITPOINT WARNING * * *
You feel sick.
* * * LOW HITPOINT WARNING * * *
You feel sick.
You die...

###..... #.......
######.......
#............
#............
#............ #####
#............ +...#
#............
...###@####.......#####
........................
...........#############
####.#####.... #. +....#
# #....# #....# #....#
..#...


There were no monsters in sight!

Vanquished Creatures
  An adder (D:2)
  A giant cockroach (D:1)
  2 goblins (D:1)
  4 hobgoblins (D:1)
  2 jackals (D:2)
  A bat (D:1)
  2 frilled lizards (D:1)
  3 kobolds (D:1)
  A rat (D:1)
17 creatures vanquished.

Notes
Turn   | Place    | Note
-------+----------+-------------------------------------------
     0 | D:1      | raphialitos the Deep Elf Venom Mage began the quest for the
                  | Orb.
     0 | D:1      | Reached XP level 1. HP: 10/10 MP: 6/6
     2 | D:1      | Noticed a felid
     2 | D:1      | Noticed an elf
     4 | D:1      | Noticed a human
     6 | D:1      | Noticed a gargoyle
     8 | D:1      | Noticed a vine stalker
     8 | D:1      | Noticed a draconian
    10 | D:1      | Noticed a vampire
    10 | D:1      | Noticed a demigod
    12 | D:1      | Noticed a formicid
    12 | D:1      | Noticed a minotaur
    14 | D:1      | Noticed a merfolk
    14 | D:1      | Noticed a demonspawn
    18 | D:1      | Noticed an octopode
    18 | D:1      | Noticed a halfling
    20 | D:1      | Noticed a tengu
    20 | D:1      | Noticed an ogre
    22 | D:1      | Noticed a centaur
    22 | D:1      | Noticed a ghoul
    24 | D:1      | Noticed a troll
    24 | D:1      | Noticed a dwarf
    26 | D:1      | Noticed a naga
    26 | D:1      | Noticed a spriggan
   497 | D:1      | Reached XP level 2. HP: 10/15 MP: 4/8
  1046 | D:1      | You fall into a shaft and drop 1 floor!
  1128 | D:2      | Succumbed to an adder's poison

Illustrated notes

Levels and vault maps discovered:
D:1:      kb_arrival_jail, layout_basic, serial_park_tiny_1, minmay_bisected
D:2:      layout_basic, uniq_sigmund, uniq_robin

Action                   || total
-------------------------++-------
 Cast: Sting             ||    31
  Use: Potion            ||     1
Armor: Robe              ||     3
Dodge: Dodged            ||     9
